 Dungeon Crawl Stone Soup version 0.27-a0-1202-ge72e49191c (webtiles) character file.

Game seed: 8755016382866656575

4662 Delamore the Spear-Bearer (level 10, -1/74 HPs)
             Began as a Formicid Fighter on June 4, 2021.
             Was a Priest of Qazlal.
             Slain by an orc warlord
             ... wielding a +2 battleaxe of venom
              (27 damage)
             ... in a bailey.
             The game lasted 00:10:12 (7990 turns).

Delamore the Spear-Bearer (Formicid Fighter)        Turns: 7990, Time: 00:10:12

Health: -1/74      AC:  9    Str: 24    XL:     10   Next: 71%
Magic:  3/16       EV: 12    Int:  8    God:    Qazlal [***...]
Gold:   43         SH: 13    Dex: 10    Spells: 9/9 levels left

rFire    . . .     SeeInvis +   s - +5 spear
rCold    . . .     Faith    .   c - +0 kite shield
rNeg     . . .     Spirit   .   u - +1 scale mail of Claustrophobia {Rampage Regen+}
rPois    .         Reflect  .   (helmet unavailable)
rElec    .         Harm     .   (no cloak)
rCorr    .         Rampage  +   o - +0 pair of gloves
Will     +....                  (no boots)
Stlth    ..........             (no amulet)
HPRegen  1.22/turn              k - +4 ring of evasion
MPRegen  0.15/turn              (no ring)

@: lethally poisoned (-1 -> -6), studying 2 skills
A: permanent stasis, dig shafts and tunnels, antennae 3, four strong arms
a: Dig, Renounce Religion, Upheaval, Elemental Force


You were in a bailey.
You worshipped Qazlal.
Qazlal was most pleased with you.
You visited 1 branch of the dungeon, and saw 8 of its levels.
You also visited: Bailey.

You collected 261 gold pieces.
You spent 218 gold pieces at shops.

Inventory:

Hand Weapons
 a - a +0 trident
 s - a +5 spear (weapon)
Missiles
 j - 3 curare-tipped darts
 q - 4 poisoned darts
 r - 18 boomerangs (quivered)
Armour
 b - a +0 scale mail
 c - a +0 kite shield (worn)
 o - a +0 pair of gloves (worn)
 u - the +1 scale mail of Claustrophobia (worn) {Rampage Regen+}
   (You bought it in a shop on level 6 of the Dungeon)

   It increases your rate of health regeneration.
   It bestows one free step when moving towards enemies.
Jewellery
 k - a +4 ring of evasion (left hand)
Wands
 t - a wand of iceblast (8)
 v - a wand of flame (20)
Scrolls
 e - a scroll of silence
 m - a scroll of vulnerability {unknown}
 n - a scroll of amnesia
 w - 2 scrolls of blinking {unknown}
 x - a scroll of identify {unknown}
 y - a scroll of enchant armour {unknown}
 z - a scroll of noise {unknown}
Potions
 d - a potion of resistance {unknown}
 f - 2 potions of heal wounds {unknown}
 g - a potion of attraction {unknown}
 h - 6 potions of curing
 i - a potion of haste
 l - 2 potions of ambrosia {unknown}
 p - 2 potions of mutation {unknown}
 A - a potion of lignification {unknown}
 B - 2 potions of brilliance {unknown}


   Skills:
 - Level 5.0 Fighting
 * Level 13.0 Polearms
 + Level 2.2 Throwing
 - Level 3.2 Armour
 - Level 3.6 Shields
 + Level 9.3 Invocations


You had 9 spell levels left.
You didn't know any spells.
Your spell library contained the following spells:

 Spells                   Type           Power      Damage    Failure   Level
 Magic Dart               Conj           0%         1d3       98%         1
 Sandblast                Erth           0%         2d4       98%         1
 Call Imp                 Summ           0%         N/A       99%         2
 Passwall                 Tmut/Erth      0%         N/A       99%         2
 Slow                     Hex            0%         N/A       99%         2
 Conjure Flame            Conj/Fire      0%         6-21      100%        3
 Mephitic Cloud           Conj/Pois/Air  0%         N/A       100%        3
 Stone Arrow              Conj/Erth      0%         3d7       100%        3
 Petrify                  Tmut/Erth      0%         N/A       100%        4
 Lee's Rapid Deconstruct  Erth           0%         3d5*      100%        5
 Blink                    Tloc           Unusable   N/A       N/A         2

Dungeon Overview and Level Annotations

Branches:
Dungeon (8/15)             Temple (0/1) D:7          Bailey (1/1)
   Lair: D:8-11

Altars:
Ashenzari
Kikubaaqudgha
Nemelex Xobeh
Okawaru
Qazlal
Trog
Vehumet
Yredelemnul

Shops:
D:6 [   D:7 [   D:8 !!

Annotations:
D:8 Maurice


Innate Abilities, Weirdness & Mutations

You cannot be hasted, slowed, berserked, paralysed or teleported.
You can dig through walls and to a lower floor.
You have a pair of large antennae on your head. (SInv)
Your four strong arms can wield two-handed weapons with a shield.


Message History

The orc knight roars a battlecry!
The orc warrior goes into a battle-frenzy!
Reach: s) +5 spear
Press: ? - help, Dir - move target, f/p - orc warlord
Aim: an orc warlord, wielding a +2 battleaxe of venom and wearing a +2 plate armour of poison resistance (severely wounded, strong, about 21% to evade your +5 spear)
You reach to attack!
You hit the orc warlord but do no damage.
The orc warlord is severely wounded.
The orc knight no longer looks unusually strong.
The orc warrior no longer looks unusually strong.
The orc knight roars a battlecry!
The orc warrior goes into a battle-frenzy!
Reach: s) +5 spear
Press: ? - help, Dir - move target, f/p - orc warlord
Aim: an orc warlord, wielding a +2 battleaxe of venom and wearing a +2 plate armour of poison resistance (severely wounded, strong, about 21% to evade your +5 spear)
You reach to attack!
You hit the orc warlord but do no damage.
The orc warlord is severely wounded.
You puncture the orc warlord!
The orc warlord is almost dead.
The orc warrior no longer looks unusually strong.
You puncture the orc warlord!
The orc warlord is almost dead.
You hit the orc warlord but do no damage.
The orc warlord is almost dead.
The orc warlord roars a battlecry!
The orcs go into a battle-frenzy!
You barely miss the orc warlord.
The orc warlord is almost dead.
The orc warlord hits you with a +2 battleaxe of venom!!!
Ouch! That really hurt!
You are poisoned.
You hit the orc warlord but do no damage.
The orc warlord is almost dead.
You feel very sick.
You hit the orc warlord but do no damage.
The orc warlord is almost dead.
You feel sick.
The orc warlord hits you with a +2 battleaxe of venom!!
You die...

#...........#.........
#...........#.........
###)........###........
###.#)#.....###.###.....#
###....)###.###...
{###.### ##.........###
.... ###.. #..........8#
o.... #...
#..........8#goo... #...
#∩....⌠....@oogo... #...
#.........○8#go.).. #...
#..........8# o.... #...
##.....)...### .... ###..
###...))###.###...
{###.###
###.#)#.....###.###.....#
###.........###........
#..).)......#.........
#..........)#..)).....


You could see an orc warlord (strong), an orc knight (strong), 6 orc warriors, 2
gnolls and a hobgoblin.

Vanquished Creatures
  An orc knight (Bailey)
  A troll (D:5)
  4 yaks (D:7)
  A steam dragon (D:7)
  2 water moccasins
  A necrophage (D:5)
  6 orc warriors (Bailey)
  3 sky beasts
  A black bear (D:6)
  3 ogres
  3 centaurs
  A bullfrog (D:8)
  A gnoll sergeant (D:6)
  2 scorpions (D:6)
  3 killer bees (D:8)
  5 wights
  3 hounds
  2 orc priests
  A centaur skeleton (D:7)
  2 iguanas
  11 orc wizards
  2 killer bee zombies
  A hound zombie (D:5)
  2 howler monkey zombies (D:7)
  17 gnolls
  A howler monkey skeleton (D:7)
  6 adders
  A shadow imp (D:7)
  An ufetubus (D:6)
  An adder zombie (D:5)
  2 worms
  44 orcs
  5 ball pythons
  6 bats
  4 endoplasms
  3 giant cockroaches
  25 goblins
  21 hobgoblins
  13 jackals
  A quokka (D:3)
  5 frilled lizards
  A jackal skeleton (D:3)
  8 kobolds
  5 rats
232 creatures vanquished.

Vanquished Creatures (collateral kills)
  2 orcs (Bailey)
  2 goblins (Bailey)
4 creatures vanquished.

Vanquished Creatures (others)
  A wizard (D:7)
  2 orcs (D:8)
3 creatures vanquished.

Grand Total: 239 creatures vanquished

Notes
Turn   | Place    | Note
-------+----------+-------------------------------------------
     0 | D:1      | Delamore the Formicid Fighter began the quest for the Orb.
     0 | D:1      | Reached XP level 1. HP: 18/18 MP: 1/1
    92 | D:1      | Reached XP level 2. HP: 19/24 MP: 2/2
   564 | D:1      | Reached XP level 3. HP: 27/30 MP: 3/3
   610 | D:1      | Reached skill level 3 in Polearms
  1307 | D:2      | Found a broken altar of Ashenzari.
  1457 | D:2      | Reached XP level 4. HP: 23/37 MP: 4/4
  1884 | D:2      | Found a faded altar of an unknown god.
  2025 | D:2      | Became a worshipper of Qazlal Stormbringer
  2025 | D:2      | Reached * piety under Qazlal
  2817 | D:3      | Reached skill level 4 in Polearms
  2931 | D:4      | Reached XP level 5. HP: 43/43 MP: 5/5
  3000 | D:4      | Reached XP level 6. HP: 38/49 MP: 6/6
  3250 | D:4      | Noticed an ogre
  3258 | D:4      | Killed an ogre
  3259 | D:4      | Reached skill level 5 in Fighting
  3259 | D:4      | Reached skill level 5 in Polearms
  3637 | D:5      | Entered Level 5 of the Dungeon
  3641 | D:5      | Reached ** piety under Qazlal
  3919 | D:5      | Noticed a necrophage
  3930 | D:5      | Reached skill level 6 in Polearms
  3930 | D:5      | Reached XP level 7. HP: 44/54 MP: 7/7
  4030 | D:5      | Found a stormy altar of Qazlal.
  4140 | D:5      | Reached skill level 7 in Polearms
  4372 | D:5      | Noticed a water moccasin
  4385 | D:5      | Killed a water moccasin
  4644 | D:5      | Reached XP level 8. HP: 62/62 MP: 8/8
  4768 | D:5      | Reached skill level 8 in Polearms
  4912 | D:5      | Noticed a troll
  4946 | D:5      | Killed a troll
  4947 | D:5      | Reached skill level 9 in Polearms
  5529 | D:6      | Reached skill level 10 in Polearms
  5529 | D:6      | Reached XP level 9. HP: 68/68 MP: 9/9
  5824 | D:6      | Found Ijaesm's Armour Shop.
  5828 | D:6      | Bought the +1 scale mail of Claustrophobia {Rampage Regen+}
                  | for 176 gold pieces
  6048 | D:7      | Found an ancient bone altar of Kikubaaqudgha.
  6122 | D:7      | Found a staircase to the Ecumenical Temple.
  6148 | D:7      | Identified a scroll of acquirement
  6148 | D:7      | Acquired a manual of Invocations
  6172 | D:7      | Reached skill level 11 in Polearms
  6235 | D:7      | Reached skill level 5 in Invocations
  6324 | D:7      | Identified the +5 dagger of Obsession {flame, rF- Int+6
                  | Stlth+}
  6374 | D:7      | Reached XP level 10. HP: 21/74 MP: 14/14
  6435 | D:7      | Reached *** piety under Qazlal
  6440 | D:7      | Reached skill level 12 in Polearms
  6492 | D:7      | Found Esueb's Armour Shoppe.
  6802 | D:7      | Found a bloodstained altar of Trog.
  6806 | D:7      | Noticed a wizard
  6810 | D:7      | Killed a wizard
  6973 | D:7      | Found a sparkling altar of Nemelex Xobeh.
  7070 | D:7      | Found a basalt altar of Yredelemnul.
  7074 | D:7      | Found an iron altar of Okawaru.
  7077 | D:7      | Found a radiant altar of Vehumet.
  7225 | D:8      | Found Sont's Distillery.
  7229 | D:8      | Bought a potion of curing for 42 gold pieces
  7319 | D:8      | Noticed a two-headed ogre
  7320 | D:8      | Noticed Maurice
  7430 | D:8      | Found Cehoett's Distillery.
  7529 | D:8      | Found a flagged portal.
  7551 | Bailey   | Entered a bailey
  7612 | Bailey   | Reached **** piety under Qazlal
  7669 | Bailey   | Reached skill level 1 in Throwing
  7710 | Bailey   | Noticed an orc knight
  7751 | Bailey   | Killed an orc knight
  7878 | Bailey   | Reached skill level 13 in Polearms
  7961 | Bailey   | Noticed an orc knight
  7961 | Bailey   | Noticed an orc warlord
  7990 | Bailey   | Slain by an orc warlord

Illustrated notes

Levels and vault maps discovered:
D:1:      scummos_arrival_hexagon, layout_loops_corners, minmay_crystal_room
D:2:      kennysheep_the_goblin_king, layout_loops_cross,
          shapermc_ecumenical_altar_hornbeckon, basic_altar
D:3:      layout_loops_ring
D:4:      layout_rooms
D:5:      layout_cave_pods, general_overflow_altar, corexii_leaking_fountain,
          grunt_ministairs_5, minmay_manual_monstrance
D:6:      layout_rooms, serial_shops, nicolae_shop_behind_doors
D:7:      layout_loops_corners, nemelex_diamond_rough_becter,
          lemuel_round_altar, grunt_temple_overflow_diamond, trog_wizard,
          minmay_temple_entry_sparse_star, serial_shops, shop
D:8:      layout_rooms, enter_bailey_4, serial_shops, shop, shop_statue,
          uniq_maurice
Bailey:   bailey_axe_minmay_hex_keep, bailey

Skill      XL: |  1  2  3  4  5  6  7  8  9 10 |
---------------+-------------------------------+-----
Polearms       | 3 4 6 7 10 11 13 | 13.0
Fighting       | 4 5 |  5.0
Invocations    | 5 9 |  9.3
Throwing       | 2 |  2.2
Armour         | |  3.2
Shields        | |  3.6

Action                   |  1- 3 |  4- 6 |  7- 9 | 10-12 || total
-------------------------+-------+-------+-------+-------++-------
Melee: Trident           |   116 |   186 |   257 |    17 ||   576
       Spear             |       |       |       |   300 ||   300
Throw: Dart              |       |     8 |    10 |     6 ||    24
       Boomerang         |       |       |       |     9 ||     9
Invok: Upheaval          |       |       |       |     4 ||     4
       Elemental Force   |       |       |       |     2 ||     2
 Abil: Dig               |       |     1 |       |     4 ||     5
Evoke: Wand              |       |       |       |     5 ||     5
  Use: Scroll            |     2 |     4 |     1 |       ||     7
       Potion            |       |       |       |     1 ||     1
Armor: Scale mail        |    54 |    45 |    57 |    34 ||   190
Dodge: Dodged            |    33 |    49 |   112 |    60 ||   254
Block: Kite shield       |    52 |    92 |   151 |   135 ||   430

Table legend: (Time is in decaauts)
 A = Elapsed time spent in this place.
 B = Non-inter-level travel time spent in this place.
 C = Inter-level travel time spent in this place.
 D = Time resting spent in this place.
 E = Time spent auto-exploring this place.
 F = Levels seen in this place.
 G = Mean time per level.
                   A        B        C        D        E       F      G
               +--------+--------+--------+--------+--------+-----+--------+
         Total |   8009 |   7639 |    370 |    916 |   4981 |   9 |  889.9 |
       Dungeon |   7620 |   7250 |    370 |    873 |   4875 |   8 |  952.5 |
        Bailey |    389 |    389 |      0 |     43 |    106 |   1 |  389.0 |
               +--------+--------+--------+--------+--------+-----+--------+

Top non-repeatable levels by time:
     D:5: 1787 daAuts
     D:7: 1212 daAuts
     D:2: 1097 daAuts
     D:1: 1080 daAuts
     D:3: 818 daAuts
     D:4: 739 daAuts
     D:6: 595 daAuts
  Bailey: 389 daAuts
     D:8: 288 daAuts
